 Dungeon Crawl Stone Soup version 0.30.0-30-g96aa6591b8 (webtiles) character file.

Game seed: 4234673166025548345

88 AgateBread the Ruffian (level 4, -1/42 HPs)
             Began as a Troll Gladiator on July 1, 2023.
             Killed from afar by an orc wizard (8 damage)
             ... with a magic dart
             ... on level 3 of the Dungeon.
             The game lasted 00:06:06 (1396 turns).

AgateBread the Ruffian (Troll Gladiator)            Turns: 1396, Time: 00:06:08

Health: -1/42      AC:  4    Str: 22    XL:     4   Next: 29%
Magic:  3/3        EV: 10    Int:  4    God:
Gold:   11         SH:  0    Dex: 13    Spells: 3/3 levels left

rFire   . .          .
                       - Unarmed
rCold   . . .        (no shield)
rNeg    . . .        a - +0 robe
rPois   .            b - +0 hat
rElec   .            (no cloak)
rCorr   .            (gloves unavailable)
SInv    .            (boots unavailable)
Will    .....        (no amulet)
Stlth   +            (no ring)
HPRegen 1.07/turn    (no ring)
MPRegen 0.08/turn

%: no passive effects
@: no status effects
A: large, unfitting armour, claws 3, regeneration 1, shaggy fur 1, tough skin 1
a: no special abilities


You were on level 3 of the Dungeon.
You visited 1 branch of the dungeon, and saw 3 of its levels.

You collected 89 gold pieces.
You spent 78 gold pieces at shops.

Inventory:

Missiles
 c - 2 throwing nets
 d - a large rock
 l - 5 poisoned darts
 n - 26 stones (quivered)
Armour
 a - a +0 robe (worn)
 b - a +0 hat (worn)
 q - a +0 animal skin
Wands
 p - a wand of roots (2)
Scrolls
 f - a scroll of fear {unknown}
 i - 2 scrolls of teleportation
 r - a scroll of noise {unknown}
 s - a scroll of blinking {unknown}
Potions
 e - a potion of berserk rage
 g - a potion of lignification {unknown}
 h - a potion of might {unknown}
 j - 2 potions of curing
 k - a potion of attraction {unknown}
 m - a potion of heal wounds {unknown}
 o - a potion of haste {unknown}


   Skills:
 + Level 2.3 Fighting
 + Level 2.5 Throwing
 + Level 3.0 Dodging
 + Level 3.6 Unarmed Combat


You had 3 spell levels left.
You didn't know any spells.
Your spell library was empty.

Dungeon Overview and Level Annotations

Branches:
Dungeon (3/15)

Altars:

Shops:
D:1 *


Innate Abilities, Weirdness & Mutations

You are too large for most types of armour.
You have claws for hands.
Your natural rate of healing is unusually fast.
You are covered in fur. (AC +1)
You have tough skin. (AC +1)


Message History

Something writhes in agony.
Something hits you. The giant cockroach barely misses you.
You closely miss the orc. The orc hits you with a +0 dagger.
The giant cockroach closely misses you.
You barely miss the orc. Something hits you but does no damage.
An orc comes into view. It is wielding a +0 war axe.
The orc hits you with a +0 dagger.
The giant cockroach bites you but does no damage.
The orc shouts!
You hear a shout!
The giant cockroach closely misses you. The orc closely misses you.
Something hits you.
An orc comes into view. It is wielding a +0 dagger.
The orc priest barely misses you.
You are too injured to fight recklessly!
You are too injured to fight recklessly!
You are too injured to fight recklessly!
The orc shouts!
You claw the orc priest!
The orc priest is severely wounded.
The giant cockroach bites you but does no damage.
The orc hits you but does no damage.
You hear some strange, mumbled words.
A puff of flame appears from out of thin air!
The puff of flame misses you.
The orc priest calls down the wrath of Beogh upon you.
Pain shoots through your body!
* * * LOW HITPOINT WARNING * * *
You closely miss the orc priest.
The orc priest is severely wounded.
The giant cockroach bites you but does no damage.
The orc barely misses you. Something hits you.
* * * LOW HITPOINT WARNING * * *
The orc priest looks encouraged for a moment.
You scratch the orc priest.
The orc priest is severely wounded.
The giant cockroach barely misses you. The orc priest misses you.
You hear some strange, mumbled words.
A magic dart appears from out of thin air!
The magic dart hits you!
You die...

##........ ..........
#.........
#####?.....o.........
#....................
#.........o........#.
#.....o..............
#....o@B...........##
#....{.).............
#........†...........
#............<....#
#....................
#................##..
.$......).).......#
.#..................
#................<..


You could see an orc priest, 3 orcs and a giant cockroach.

Vanquished Creatures
  Robin (D:2)
  3 adders (D:2)
  3 orcs (D:3)
  6 ball pythons
  3 endoplasms
  A giant cockroach (D:2)
  10 goblins
  A hobgoblin (D:2)
  4 jackals (D:1)
  A quokka (D:2)
  2 bats (D:2)
  5 kobolds
  6 rats
46 creatures vanquished.

Notes
Turn   | Place    | Note
-------+----------+-------------------------------------------
     0 | D:1      | AgateBread the Troll Gladiator began the quest for the Orb.
     0 | D:1      | Reached XP level 1. HP: 19/19 MP: 0/0
   248 | D:1      | Reached XP level 2. HP: 28/28 MP: 1/1
   289 | D:1      | Found Pobiuteps's Assorted Antiques.
   296 | D:1      | Bought a sedimented brown potion for 18 gold pieces
   739 | D:2      | Reached XP level 3. HP: 35/35 MP: 2/2
   899 | D:2      | Noticed Robin
   907 | D:2      | Killed Robin
   908 | D:2      | Reached XP level 4. HP: 13/42 MP: 3/3
  1332 | D:1      | Bought a scroll labelled EFUQAO DOROHE for 20 gold pieces
  1332 | D:1      | Bought a scroll labelled FOTONYPRESS for 20 gold pieces
  1332 | D:1      | Bought a scroll labelled DOAWUWKADIO for 20 gold pieces
  1396 | D:3      | Killed from afar by an orc wizard

Illustrated notes

Levels and vault maps discovered:
D:1:      heliophobic_arrival_ceremonial_halls, layout_basic, serial_shops,
          nicolae_square_shop, minmay_misc_feat_columns,
          chequers_serial_rivers_large_b, dreamdust_mushroom_princess
D:2:      layout_loops_ring, uniq_robin
D:3:      layout_rooms, hellmonk_okawaru_the_only_friend_you_need,
          portal_sewer_entry_a, serial_bayou_pond_a, kennysheep_doodads,
          minmay_liquid_box

Skill      XL: |  1  2  3  4 |
---------------+-------------+-----
Throwing       | 2 |  2.5
Fighting       | 2 |  2.3
Dodging        | 3 |  3.0
Unarmed Combat | |  3.6

Action                     |  1- 3 |  4- 6 || total
---------------------------+-------+-------++-------
  Melee: Unarmed           |    74 |    38 ||   112
         Punch             |     3 |     1 ||     4
  Throw: Throwing net      |     1 |       ||     1
         Stone             |       |     1 ||     1
    Use: Scroll            |       |     3 ||     3
 Armour: Robe              |    21 |    11 ||    32
  Dodge: Dodged            |    36 |    25 ||    61
